Map: Dusk Towers

Players

LilDicky - Winner!

  • Race: Protoss Protoss
  • League: Diamond

Zwim

  • Race: Protoss Protoss
  • League: Diamond

VOD

http://www.twitch.tv/tumescentpie

Description

Time

  • Played on: Jan. 4, 2016, 2:24 a.m.
  • Length: 1:30
Show
View Real Time Build Order
Export as new Build Order

LilDicky Protoss - Winner!

Build Orders:  

Get SALT Encoding   

  12  0:01  Probe (Chrono Boost)  
  13  0:12  Probe (Chrono Boost)  
  14  0:17  Pylon  
  14  0:27  Probe (Chrono Boost)  
  15  0:36  Forge  
  15  0:39  Probe (Chrono Boost)  
  16  1:00  Probe (Chrono Boost)  
  17  1:16  Pylon  
  17  1:25  Pylon  
Show
View Real Time Build Order
Export as new Build Order

Zwim Protoss 

Build Orders:  

Get SALT Encoding   

  12  0:01  Probe (Chrono Boost)  
  13  0:12  Probe (Chrono Boost)  
  14  0:21  Pylon  
  14  0:22  Probe (Chrono Boost)  
  15  0:40  Probe (Chrono Boost), Gateway  
  16  0:50  Probe (Chrono Boost)  
  16  0:53  Assimilator  
  17  0:58  Assimilator  
  17  1:01  Probe (Chrono Boost)  
  19  1:11  Probe (Chrono Boost), Pylon  
Tags
 
Add a new tag
Caveats
  • Supply blocks, unpowered buildings, or Contaminate may cause inaccurate times.
  • Supply counts are checked every 10 seconds.